AoeStats
← PALITOMAN

Arena

509759774Analyzed
4v4 RM · 5d ago on Sep 27, 2026· 39m 3s· 8 players
Game mode
Random Map
Map size
Large (8 player)
Population
200
Speed
Normal
Resources
Standard
Victory
Conquest
Starting age
Dark Age
Ending age
Imperial Age
RankedLock teamsTeams togetherTeam positionsShared explorationLock speedFull tech treeHidden civsTurbo modeCheats
Victory
Defeat
🇦🇷 Varangians · Argentina
1235
+10
🇦🇷 Aztecs · Argentina
1189
+12
🇪🇸 Danes · Spain
1179
+12
🇦🇷 Teutons · Argentina
1174
+14
🇨🇴 Maya · Colombia
1105
-12
🇲🇽 Saracens · Mexico
1105
-12
🇨🇴 Turks · Colombia
1098
-12
🇵🇪 Vikings · Peru
1093
-12
GhosTSnihsa
11:12 Feudal Age
15:14 Castle Age
13:30 Horse Collar
13:37 Double-Bit Axe
15:26 Forging
15:54 Bloodlines
17:40 Loom
21:34 Husbandry
24:23 Scale Barding Armor
24:24 Squires
26:25 Arson
28:46 Bow Saw
28:28 Gold Mining
30:32 Iron Casting
32:32 Wheelbarrow
32:46 Scale Mail Armor
33:34 Town Watch
34:18 Heavy Plow
34:23 Stone Mining
39:03 Imperial Age
36:50 Hand Cart
ELTRAVERO
10:54 Feudal Age
11:56 Double-Bit Axe
15:23 Castle Age
14:40 Gold Mining
16:47 Wheelbarrow
15:58 Town Watch
16:59 Gold Shaft Mining
16:37 Redemption
17:13 Sanctity
18:09 Fervor
24:56 Atonement
24:52 Herbal Medicine
31:27 Imperial Age
33:02 Illumination
32:53 Block Printing
34:20 Theocracy
33:46 Devotion
34:37 Fortified Wall
34:08 Treadmill Crane
34:48 Ballistics
34:48 Hand Cart
34:46 Horse Collar
36:41 Loom
37:22 Conscription
38:19 Faith
[TodEs] RastroJueves
5:52 Loom
8:36 Feudal Age
9:02 Double-Bit Axe
13:43 Fletching
20:53 Wheelbarrow
24:41 Castle Age
23:53 Horse Collar
25:30 Bodkin Arrow
25:38 Heavy Plow
25:51 Bow Saw
32:46 Imperial Age
35:21 Two-Man Saw
36:18 Chemistry
35:44 Padded Archer Armor
36:59 Leather Archer Armor
PALITOMAN
10:50 Feudal Age
12:45 Double-Bit Axe
15:49 Castle Age
20:40 Wheelbarrow
19:54 Town Watch
26:01 Horse Collar
28:49 Elite Skirmisher
30:11 Fletching
30:22 Padded Archer Armor
30:41 Bow Saw
34:29 Imperial Age
32:09 Bodkin Arrow
32:29 Leather Archer Armor
34:33 Leather Archer Armor
35:52 Wheelbarrow
35:29 Bow Saw
35:30 Bracer
36:41 Ballistics
37:46 Chemistry
37:17 Hand Cart
Deja de llorar
8:22 Loom
11:10 Feudal Age
15:18 Castle Age
14:17 Double-Bit Axe
15:34 Scale Mail Armor
17:01 Man-at-Arms
23:03 Bow Saw
22:49 Horse Collar
24:56 Forging
25:02 Chain Mail Armor
25:50 Fletching
26:01 Padded Archer Armor
27:24 Heavy Plow
28:30 Chieftains
31:16 Iron Casting
32:11 Long Swordsman
39:22 Imperial Age
37:23 Squires
37:09 Arson
TheWarrior
10:28 Feudal Age
11:45 Fletching
13:24 Loom
19:11 Double-Bit Axe
21:23 Horse Collar
24:53 Castle Age
Zombie
11:15 Feudal Age
15:53 Castle Age
15:38 Double-Bit Axe
15:35 Horse Collar
16:58 Bow Saw
21:19 Loom
oOoOo_oO
11:24 Feudal Age
12:33 Loom
16:24 Castle Age
15:20 Double-Bit Axe
15:27 Horse Collar
17:47 Town Watch
19:56 Wheelbarrow
24:02 Bloodlines
25:35 Scale Barding Armor
26:03 Husbandry
30:49 Chain Barding Armor
35:44 Imperial Age
34:26 Heavy Plow
34:42 Forging
36:24 Redemption
36:03 Heavy Camel Rider
36:26 Light Cavalry
37:17 Hussar
39:16 Town Patrol
Connection lost

Rejoining the realm…

Still unreachable

The connection could not be restored.

Session expired

The server has moved on; the page needs a fresh start.